 Dungeon Crawl Stone Soup version 0.29-a0-330-g52719c12eb (webtiles) character file.

Game seed: 9168867655916207059

3262 kae the Sneak (level 9, -4/61 (62) HPs)
             Began as a Demigod Fire Elementalist on May 20, 2022.
             Slain by Psyche
             ... wielding a +1 dagger of distortion
              (19 damage)
             ... on level 8 of the Dungeon.
             The game lasted 00:06:34 (11338 turns).

kae the Sneak (Demigod Fire Elementalist)          Turns: 11338, Time: 00:06:34

HP:   -4/61 (62)    AC:  3    Str: 13    XL:     9   Next: 41%
MP:   20/20         EV: 14    Int: 33    God:
Gold: 461           SH:  0    Dex: 14    Spells: 5/18 levels left

rFire   . . .      SeeInvis .   e - +0 scimitar
rCold   . . .      Faith    .   (no shield)
rNeg    . . .      Spirit   .   a - +0 robe
rPois   +          Reflect  .   (no helmet)
rElec   .          Harm     .   (no cloak)
rCorr   .          Rampage  .   c - +0 pair of gloves
Will    .....                   (no boots)
Stlth   +++.......              (no amulet)
HPRegen 0.20/turn               d - ring of Okaci {Drain Fly rPois Str+4 Int+4}
MPRegen 0.17/turn               (no ring)

@: flying, lightly drained
A: high MP 1, forlorn, divine attributes
a: no special abilities


You were on level 8 of the Dungeon.
You visited 1 branch of the dungeon, and saw 7 of its levels.
You also visited: Sewer and Ossuary.

You collected 461 gold pieces.

Inventory:

Hand Weapons
 e - a +0 scimitar (weapon)
Armour
 a - a +0 robe (worn)
 c - a +0 pair of gloves (worn)
Jewellery
 d - the ring of Okaci (left hand) {Drain Fly rPois Str+4 Int+4}
   (You acquired it on level 4 of the Dungeon)

   [ring of flight]

   Str:       It affects your strength (+4).
   Int:       It affects your intelligence (+4).
   rPois:     It protects you from poison.
   Fly:       It grants you flight.
   Drain:     It drains your maximum health when unequipped.
 i - a ring of ice
 s - a +4 ring of evasion
Wands
 r - a wand of charming (8)
Scrolls
 f - 2 scrolls of identify
 g - 2 scrolls of enchant armour
 h - 2 scrolls of summoning
 k - 3 scrolls of amnesia
 l - a scroll of fear
 q - a scroll of teleportation
 t - a scroll of blinking
Potions
 b - 2 potions of magic
 j - 2 potions of haste
 m - a potion of invisibility
 n - a potion of mutation
 o - 2 potions of flight
 p - 5 potions of curing


   Skills:
 + Level 5.9 Dodging
 + Level 6.3 Stealth
 + Level 5.4 Spellcasting
 + Level 5.5 Conjurations
 + Level 6.2 Fire Magic


You had 5 spell levels left.
You knew the following spells:

 Your Spells              Type           Power      Damage    Failure   Level
a - Foxfire               Conj/Fire      100%       2x1d9     1%          1
b - Scorch                Fire           98%        2d10      1%          2
c - Conjure Flame         Conj/Fire      47%        6-21      1%          3
d - Inner Flame           Hex/Fire       29%        N/A       3%          3
e - Flame Wave            Conj/Fire      47%        2d10      4%          4

Your spell library contained the following spells:

 Spells                   Type           Power      Damage    Failure   Level
 Pain                     Necr           32%        1d5       4%          1
 Summon Small Mammal      Summ           32%        N/A       4%          1
 Sublimation of Blood     Necr           8%         N/A       7%          2
 Wereblood                Tmut           8%         N/A       7%          2
 Call Canine Familiar     Summ           8%         N/A       14%         3
 Summon Guardian Golem    Hex/Summ       8%         N/A       14%         3
 Agony                    Necr           8%         N/A       77%         5
 Excruciating Wounds      Necr           4%         N/A       77%         5
 Summon Hydra             Summ           4%         N/A       100%        7


Dungeon Overview and Level Annotations

Branches:
Dungeon (8/15)              Sewer (visited)         Ossuary (visited)
 Temple: D:4-7         Lair: D:8-11

Shops:
D:3 [

Annotations:
D:8 exclusion: steam dragon, Psyche


Innate Abilities, Weirdness & Mutations

You have an increased reservoir of magic. (+10% MP)
You shall have no god before yourself.
Your divine heritage dramatically boosts your attributes as you level up.


Message History

Casting: Foxfire (safe; 1% risk of failure)
Confirm with . or Enter, or press ? or * to list all spells.
You conjure some foxfire!
Your foxfire dissipates! x2
You now have 461 gold pieces (gained 16).
Psyche is nearby!
Psyche is nearby!
Unknown command.
Okay, then.
Okay, then.
Okay, then.
Aiming: Charm
Press: ? - help, Shift-Dir - straight line, f - Psyche
Aim: Psyche, wielding a +1 dagger of distortion and wearing a +0 robe (wandering, hasn't noticed you, chance to affect: 17%) Psyche shouts!
Psyche resists with almost no effort.
Aiming: Charm
Press: ? - help, Shift-Dir - straight line, f/p - Psyche
Aim: Psyche, wielding a +1 dagger of distortion and wearing a +0 robe (chance to affect: 17%) Psyche resists with almost no effort.
Psyche hits you with a +1 dagger of distortion.
Space warps horribly around you!!
Aiming: Charm
Press: ? - help, Shift-Dir - straight line, f/p - Psyche
Aim: Psyche, wielding a +1 dagger of distortion and wearing a +0 robe (chance to affect: 17%) Psyche resists with almost no effort.
Psyche casts a spell.
A swirling arc of seething chaos appears!
The arc of chaos hits you.
You feel drained.
Aiming: Charm
Press: ? - help, Shift-Dir - straight line, f/p - Psyche
Aim: Psyche, wielding a +1 dagger of distortion and wearing a +0 robe (chance to affect: 17%) Psyche resists with almost no effort.
Psyche hits you with a +1 dagger of distortion.
Space warps horribly around you!
* * * LOW HITPOINT WARNING * * *
Psyche hits you with a +1 dagger of distortion.
* * * LOW HITPOINT WARNING * * *
Space warps horribly around you!!
You die...

........#........................
#######.#.#.##########...........
.... #.#.#.# #........... ...
#.#...# #.........).
#######.##### #...........
........# ####################
........# #..............#
........# #..............#
........######.@@...........#
..................#.......#######
..................#:......# .....
..................#.......# .....
..................#.......##.....
.............?....#.......##.....
..................#.......##.....
..................#.......##.....
...............@ #.......##.....


You could see Psyche.

Vanquished Creatures
  Pikel (D:5)
  5 yaks
  3 water moccasins
  An ice beast (D:8)
  3 sky beasts
  2 lemures (D:5)
  2 centaurs
  An elf zombie (Ossuary)
  A gnoll sergeant (D:8)
  An elf skeleton (D:4)
  2 scorpions (D:4)
  2 wights (D:8)
  3 howler monkeys (D:8)
  4 centaur zombies (Ossuary)
  3 hounds
  3 jellies
  2 orc priests (D:5)
  2 human skeletons (D:4)
  3 mummies (Ossuary)
  8 adders
  4 gnolls (D:8)
  A river rat (D:5)
  2 white imps
  An ufetubus (D:5)
  5 adder zombies (Ossuary)
  A worm (D:5)
  2 dart slugs
  4 orcs
  5 bats
  8 endoplasms
  2 giant cockroaches
  2 gnoll zombies (Ossuary)
  5 goblins
  5 hobgoblins
  8 jackals
  6 kobolds
  3 quokkas
  5 ball pythons
  7 frilled lizards
  A goblin zombie (Ossuary)
  7 hobgoblin zombies (Ossuary)
  3 jackal zombies (Ossuary)
  2 kobold zombies (Ossuary)
  An orc skeleton (D:4)
  3 orc zombies
  5 quokka zombies (Ossuary)
  8 rats
  4 rat zombies (Ossuary)
162 creatures vanquished.

Vanquished Creatures (collateral kills)
  A human zombie (D:4)
  9 foxfires (D:4)
10 creatures vanquished.

Vanquished Creatures (others)
  A bush (D:4)
  546 foxfires
  6 plants (D:4)
553 creatures vanquished.

Grand Total: 725 creatures vanquished

Notes
Turn   | Place    | Note
-------+----------+-------------------------------------------
     0 | D:1      | kae the Demigod Fire Elementalist began the quest for the
                  | Orb.
     0 | D:1      | Reached XP level 1. HP: 14/14 MP: 5/5
   103 | D:1      | Reached skill level 1 in Conjurations
   643 | D:1      | Reached XP level 2. HP: 12/20 MP: 4/7
  1233 | D:1      | Learned a level 2 spell: Scorch
  1365 | D:2      | Reached XP level 3. HP: 26/26 MP: 3/8
  2209 | D:3      | Found Alopaaw's Antique Armour Boutique.
  2981 | D:3      | Reached XP level 4. HP: 33/33 MP: 5/10
  3128 | D:4      | Found a sand-covered staircase.
  3218 | Ossuary  | Entered an ossuary
  3373 | Ossuary  | Learned a level 3 spell: Conjure Flame
  3616 | Ossuary  | Reached XP level 5. HP: 10/38 MP: 1/11
  4293 | Ossuary  | Reached XP level 6. HP: 3/45 MP: 2/13
  4723 | D:4      | Identified a scroll of acquirement
  4723 | D:4      | Acquired the ring of Okaci {Drain Fly rPois Str+4 Int+4}
  5562 | D:4      | Reached XP level 7. HP: 50/50 MP: 10/15
  6393 | D:5      | Entered Level 5 of the Dungeon
  6543 | D:5      | Noticed Pikel
  6673 | D:5      | Found a glowing drain.
  6724 | Sewer    | Entered a sewer
  7411 | D:5      | Reached XP level 8. HP: 57/57 MP: 14/17
  8148 | D:6      | Reached skill level 5 in Stealth
  8148 | D:6      | Reached skill level 5 in Fire Magic
  8441 | D:5      | Reached skill level 5 in Dodging
  8956 | D:5      | Killed Pikel
  8957 | D:5      | Reached XP level 9. HP: 37/62 MP: 6/20
  9202 | D:5      | Reached skill level 5 in Conjurations
  9983 | D:6      | You are sucked into a shaft and drop 2 floors!
  9996 | D:8      | Reached skill level 5 in Spellcasting
 10261 | D:8      | Learned a level 3 spell: Inner Flame
 10266 | D:8      | Learned a level 4 spell: Flame Wave
 10726 | D:8      | Noticed Psyche
 11338 | D:8      | Slain by Psyche

Illustrated notes

Levels and vault maps discovered:
D:1:      amcnicky_arrival_blooded_trapdoor, layout_basic
D:2:      layout_basic, grunt_ministairs_8
D:3:      layout_loops_ring, lemuel_crystal_altar, basic_ecumenical_altar,
          serial_shops, shop
D:4:      layout_basic, grunt_temple_overflow_diamond, serial_forest,
          infiniplex_forest_clump_tiny, infiniplex_forest_lined_corner,
          infiniplex_forest_lined_corner, infiniplex_forest_fountain,
          infiniplex_forest_diagonal, infiniplex_forest_corner_2,
          infiniplex_forest_clump_small, nicolae_ossuary_entry_catacombs,
          serial_bayou_lake_a
D:5:      layout_cave_pods, old_standard_altar, vehumet_crystals,
          portal_sewer_entry_e, uniq_pikel
D:6:      layout_basic, mainiacjoe_overflow_boulevard, grunt_potential
D:8:      layout_basic, uniq_psyche

Skill      XL: |  1  2  3  4  5  6  7  8  9 |
---------------+----------------------------+-----
Conjurations   | 1 2 3 4 5 |  5.5
Stealth        | 2 3 4 5 6 |  6.3
Dodging        | 2 3 4 5 |  5.9
Spellcasting   | 2 3 4 5 |  5.4
Fire Magic     | 3 4 5 6 |  6.2

Action                   |  1- 3 |  4- 6 |  7- 9 || total
-------------------------+-------+-------+-------++-------
Melee: Unarmed           |     3 |       |       ||     3
       Scimitar          |     3 |    35 |     9 ||    47
 Cast: Foxfire           |    85 |    98 |   146 ||   329
       Scorch            |    11 |    45 |    50 ||   106
       Conjure Flame     |       |       |     8 ||     8
Evoke: Wand              |       |       |     4 ||     4
  Use: Potion            |     1 |     4 |     3 ||     8
       Scroll            |     1 |    10 |     4 ||    15
 Stab: Sleeping          |     1 |       |       ||     1
       Invisible         |       |       |     2 ||     2
Armor: Robe              |     8 |    53 |    20 ||    81
       Skin              |       |     6 |       ||     6
Dodge: Dodged            |    36 |   107 |    97 ||   240

Table legend: (Time is in decaauts)
 A = Elapsed time spent in this place.
 B = Non-inter-level travel time spent in this place.
 C = Inter-level travel time spent in this place.
 D = Time resting spent in this place.
 E = Time spent auto-exploring this place.
 F = Levels seen in this place.
 G = Mean time per level.
                   A        B        C        D        E       F      G
               +--------+--------+--------+--------+--------+-----+--------+
         Total |  11364 |  11028 |    336 |   1197 |   8282 |   9 | 1262.7 |
       Dungeon |   9575 |   9239 |    336 |   1134 |   6899 |   7 | 1367.9 |
         Sewer |    270 |    270 |      0 |      0 |    218 |   1 |  270.0 |
       Ossuary |   1517 |   1517 |      0 |     63 |   1165 |   1 | 1517.0 |
               +--------+--------+--------+--------+--------+-----+--------+

Top non-repeatable levels by time:
     D:5: 2993 daAuts
     D:4: 1893 daAuts
 Ossuary: 1517 daAuts
     D:8: 1354 daAuts
     D:1: 1244 daAuts
     D:3: 1008 daAuts
     D:2: 865 daAuts
   Sewer: 270 daAuts
     D:6: 215 daAuts
